 Dungeon Crawl Stone Soup version 0.29.1-debian-1-gc3f1650bb9 (webtiles) character file.

Game seed: 1413360136179668360

1027 Newt the Cutter (level 8, -1/60 HPs)
             Began as a Demonspawn Gladiator on Sept 12, 2022.
             Was a Priest of Nemelex Xobeh.
             Killed from afar by Grinder (6 damage)
             ... with a puff of flame
             ... while paralysed by Grinder
             ... on level 5 of the Dungeon.
             The game lasted 00:06:14 (5697 turns).

Newt the Cutter (Demonspawn Gladiator)              Turns: 5697, Time: 00:06:14

Health: -1/60      AC:  5    Str: 15    XL:     8   Next: 3%
Magic:  0/8        EV:  2    Int: 10    God:    Nemelex Xobeh [***...]
Gold:   245        SH:  0    Dex: 16    Spells: 7/7 levels left

rFire   . . .      SeeInvis .   k - +3 dagger (drain)
rCold   . . .      Faith    .   (no shield)
rNeg    . . .      Spirit   +   b - +0 leather armour
rPois   .          Reflect  .   c - +0 helmet
rElec   .          Harm     .   (no cloak)
rCorr   .          Rampage  .   (no gloves)
Will    .....                   v - +0 pair of boots
Stlth   +++.......              t - amulet of guardian spirit
HPRegen 0.20/turn               (no ring)
MPRegen 0.11/turn               (no ring)

@: paralysed
A: powered by pain 1, demonic magic 1, demonic touch 2
a: Renounce Religion, Draw Escape, Draw Destruction, Draw Summoning, Triple Draw


You were on level 5 of the Dungeon.
You worshipped Nemelex Xobeh.
Nemelex Xobeh was most pleased with you.
You visited 1 branch of the dungeon, and saw 5 of its levels.

You collected 245 gold pieces.

Inventory:

Hand Weapons
 a - a +0 rapier
 k - a +3 dagger of draining (weapon)
Missiles
 d - 3 throwing nets (quivered)
 e - a javelin
Armour
 b - a +0 leather armour (worn)
 c - a +0 helmet (worn)
 v - a +0 pair of boots (worn)
Jewellery
 t - an amulet of guardian spirit (around neck)
Wands
 p - a wand of flame (30)
Scrolls
 f - a scroll of poison
 g - a scroll of immolation
 h - a scroll of amnesia
 i - 3 scrolls of enchant armour
 j - 3 scrolls of silence
 q - a scroll of fear
 s - 2 scrolls of identify
 u - a scroll of blinking {unknown}
Potions
 l - a potion of heal wounds
 m - 2 potions of curing
 n - a potion of degeneration {unknown}
 o - a potion of brilliance {unknown}
 r - a potion of haste
 w - a potion of might {unknown}
 x - a potion of ambrosia {unknown}


   Skills:
 - Level 4.0 Fighting
 - Level 5.0 Short Blades
 - Level 1.7 Throwing
 - Level 5.0 Dodging
 - Level 5.0 Stealth
 + Level 1.9 Evocations


You had 7 spell levels left.
You didn't know any spells.
Your spell library contained the following spells:

 Spells                   Type           Power      Damage    Failure   Level
 Magic Dart               Conj           0%         1d3       43%         1
 Ensorcelled Hibernation  Hex/Ice        0%         N/A       56%         2
 Passwall                 Tmut/Erth      0%         N/A       56%         2
 Searing Ray              Conj           0%         2d4       56%         2
 Call Canine Familiar     Summ           0%         N/A       80%         3
 Portal Projectile        Hex/Tloc       0%         N/A       80%         3
 Swiftness                Air            0%         N/A       80%         3
 Fulminant Prism          Conj/Hex       0%         3d6       99%         4
 Leda's Liquefaction      Hex/Erth       0%         N/A       99%         4


Dungeon Overview and Level Annotations

Branches:
Dungeon (5/15)
 Temple: D:4-7

Altars:
Nemelex Xobeh

Shops:
D:2 ?

Annotations:
D:5 Grinder


Innate Abilities, Weirdness & Mutations

You sometimes gain a little power by taking damage.
Spells you cast may paralyse adjacent enemies.
Your touch may inflict irresistible damage on your foes.


Message History

You hit Grinder.
Grinder is heavily wounded.
Grinder gestures at you. You resist with significant effort.
You hit Grinder.
Grinder is severely wounded.
Okay, then.
You draw a card...
You have drawn Wild Magic.
The orc is caught in an explosion of ice and frost!!
You kill the orc!
Grinder looks faint for a moment.
The orc seems to dim momentarily!
The orc is drained!
You kill the orc!
Frost covers the orc's body!!
You kill the orc!
The orc wizard emits a flash of light!
You kill the orc wizard!
You feel a surge of magic.
You feel your power returning. Grinder hits you.
You writhe in agony.
You have reached level 8!
You feel stronger.
Your demonic ancestry asserts itself...
You feel energised by your suffering.
You hit Grinder.
Grinder is severely wounded.
Grinder gestures at you.
You suddenly lose the ability to move!
Grinder hits you.
* * * LOW HITPOINT WARNING * * *
You writhe in agony.
* * * LOW HITPOINT WARNING * * *
Grinder gestures at you. Pain shoots through your body!
* * * LOW HITPOINT WARNING * * *
Grinder gestures at you.
You shrug off the repeated paralysis!
Grinder gestures at you.
You shrug off the repeated paralysis!
Grinder zaps a wand.
The puff of flame hits you!
You die...
Your body glows slightly and disappears.

###########
#.........######
#..........>...###
#.........#.##...###
#...###.........#.####....
#...##....#'#####'########
#[..##....#.##.......#
...##..)@#.##.......#
....'..)5#.##.......#
#^###..).#.##.......#
####.# ##)###.##.......#
#....# #. #.##.......#
#.#### #. #.##.......# #.#
#. #.......# #.# ####.####
#.# #.#


You could see Grinder.

Vanquished Creatures
  Sigmund (D:5)
  Eustachio (D:5)
  Menkaure (D:5)
  A black bear (D:5)
  A necrophage (D:4)
  A scorpion (D:5)
  A howler monkey (D:3)
  3 hounds
  An iguana (D:4)
  A gnoll bouda (D:4)
  2 orc wizards
  6 adders
  A white imp (D:5)
  2 worms (D:4)
  3 dart slugs (D:2)
  10 orcs
  10 ball pythons
  10 endoplasms
  9 goblins
  7 hobgoblins
  2 jackals (D:3)
  8 kobolds
  4 quokkas
  5 bats
  A frilled lizard (D:3)
  4 rats
96 creatures vanquished.

Notes
Turn   | Place    | Note
-------+----------+-------------------------------------------
     0 | D:1      | Newt the Demonspawn Gladiator began the quest for the Orb.
     0 | D:1      | Reached XP level 1. HP: 16/16 MP: 1/1
   134 | D:1      | Reached skill level 1 in Stealth
   308 | D:1      | Found a faded altar of an unknown god.
   324 | D:1      | Prayed at the altar of an unknown god.
   324 | D:1      | Became a worshipper of Nemelex Xobeh the Trickster
   324 | D:1      | Reached * piety under Nemelex Xobeh
   791 | D:1      | Gained mutation: Your touch may inflict minor irresistible
                  | damage on your foes. [demonic ancestry]
   791 | D:1      | Reached XP level 2. HP: 20/22 MP: 2/2
  1325 | D:2      | Reached XP level 3. HP: 28/28 MP: 3/3
  1327 | D:2      | Found Soank's Magic Scroll Shoppe.
  1341 | D:2      | Received a gift from Nemelex Xobeh
  1790 | D:2      | Reached ** piety under Nemelex Xobeh
  2393 | D:3      | Received a gift from Nemelex Xobeh
  2405 | D:3      | Reached XP level 4. HP: 33/37 MP: 4/4
  2763 | D:3      | Found a sparkling altar of Nemelex Xobeh.
  3129 | D:4      | Reached XP level 5. HP: 17/42 MP: 5/5
  3625 | D:4      | Gained mutation: Your touch may inflict irresistible damage
                  | on your foes. [demonic ancestry]
  3625 | D:4      | Reached XP level 6. HP: 19/48 MP: 6/6
  3663 | D:4      | Reached skill level 5 in Short Blades
  4069 | D:4      | Received a gift from Nemelex Xobeh
  4217 | D:4      | Reached *** piety under Nemelex Xobeh
  4425 | D:5      | Entered Level 5 of the Dungeon
  4469 | D:5      | Noticed Menkaure
  4470 | D:5      | Noticed Eustachio
  4914 | D:5      | Killed Menkaure
  4954 | D:5      | Killed Eustachio
  4955 | D:5      | Reached skill level 5 in Dodging
  4955 | D:5      | Gained mutation: Spells you cast may paralyse adjacent
                  | enemies. [demonic ancestry]
  4955 | D:5      | Reached XP level 7. HP: 48/54 MP: 7/7
  5307 | D:5      | Noticed Sigmund
  5323 | D:5      | Killed Sigmund
  5445 | D:5      | Identified the +6 hand axe of Buhoud {vamp, Str+3 Dex+6}
  5464 | D:5      | Reached skill level 5 in Stealth
  5464 | D:5      | Reached skill level 1 in Evocations
  5649 | D:5      | Received a gift from Nemelex Xobeh
  5682 | D:5      | Noticed Grinder
  5692 | D:5      | Gained mutation: You sometimes gain a little power by
                  | taking damage. [demonic ancestry]
  5692 | D:5      | Reached XP level 8. HP: 21/60 MP: 5/8
  5692 | D:5      | Paralysed by Grinder for 5 turns
  5697 | D:5      | Killed from afar by Grinder

Illustrated notes

Levels and vault maps discovered:
D:1:      spicycebolla_green_bress_n_ham_2, layout_basic,
          nicolae_ecumenical_snake_handling, serial_forest,
          infiniplex_forest_lined_room_2, infiniplex_forest_zigzag_1,
          infiniplex_forest_clump_diagonal, infiniplex_forest_lined_room_3,
          infiniplex_forest_straight_5
D:2:      layout_basic, serial_shops, shop
D:3:      layout_loops_ring, nemelex_xobeh_ov_fountains_minmay
D:4:      layout_loops_ring, nrook_loot_triangle, minmay_ruined_shrine
D:5:      layout_basic, uniq_eustachio, uniq_sigmund, uniq_menkaure,
          uniq_grinder

Skill      XL: |  1  2  3  4  5  6  7 |
---------------+----------------------+-----
Stealth        | 1 2 5 |  5.0
Fighting       | 3 4 |  4.0
Short Blades   | 3 4 5 |  5.0
Dodging        | 5 |  5.0
Evocations     | 1 |  1.9
Throwing       | |  1.7

Action                   |  1- 3 |  4- 6 |  7- 9 || total
-------------------------+-------+-------+-------++-------
Melee: Rapier            |    36 |       |       ||    36
       Dagger            |    55 |   144 |    28 ||   227
       Touch             |    11 |    21 |     8 ||    40
       Punch             |     1 |       |     1 ||     2
Invok: Draw Destruction  |       |       |     1 ||     1
  Use: Scroll            |     2 |     6 |       ||     8
       Potion            |       |     2 |       ||     2
 Stab: Sleeping          |     3 |     4 |       ||     7
       Distracted        |       |     1 |       ||     1
Armor: Leather armour    |    29 |    24 |     2 ||    55
Dodge: Dodged            |    50 |    70 |    10 ||   130
